 Dungeon Crawl Stone Soup version 0.32-a0-841-g4648e6c457 (webtiles) character file.

Game seed: 4212160231684997876

20 ezpacito the Chopper (level 2, -5/24 HPs)
             Began as a Coglin Chaos Knight on Mar 26, 2024.
             Was a Plaything of Xom.
             Slain by a gnoll
             ... wielding a +0 flail
              (9 damage)
             ... on level 2 of the Dungeon.
             The game lasted 00:00:36 (619 turns).

ezpacito the Chopper (Coglin Chaos Knight)           Turns: 619, Time: 00:00:36

Health: -5/24      AC:  6    Str:  9 (12) XL:     2   Next: 79%
Magic:  2/2        EV: 10    Int: 10 (11) God:    Xom [..*...]
Gold:   66         SH:  0    Dex: 11 (13) Spells: 1/1 levels left

rFire   . . .        a - +0 hand axe (chaos) {Nammahani}
rCold   + . .        d - +0 dagger {Akal}
rNeg    . . .        h - +2 leather armour {rC+}
rPois   .            e - +0 helmet
rElec   .            (no cloak)
rCorr   .            (no gloves)
SInv    .            (no boots)
Will    .....        (amulet unavailable)
Stlth   +            (ring unavailable)
HPRegen 0.24/turn    (ring unavailable)
MPRegen 0.08/turn    (no gizmo)

%: no passive effects
@: attractive, revving
A: off-hand wielding, slow wielding, warmup strikes, no jewellery
a: Invent Gizmo, Renounce Religion


You were on level 2 of the Dungeon.
You worshipped Xom.
You were a toy of Xom.
You visited 1 branch of the dungeon, and saw 2 of its levels.

You collected 66 gold pieces.

Inventory:

Hand Weapons
 a - a +0 hand axe of chaos (weapon) {Nammahani}
 d - a +0 dagger (offhand) {Akal}
Armour
 b - a +0 chain mail
 e - a +0 helmet (worn)
 h - a +2 leather armour of cold resistance (worn)
Talismans
 i - a flux talisman
Scrolls
 c - a scroll of butterflies
 f - a scroll of teleportation {unknown}
 g - a scroll of vulnerability {unknown}
 k - a scroll of poison {unknown}
 l - a scroll of immolation {unknown}
 n - a scroll of torment {unknown}
 o - a scroll of acquirement {unknown}


   Skills:
 * Level 3.1 Fighting
 * Level 3.1 Axes
 + Level 0.4(1.7) Polearms
 * Level 2.1 Armour
 * Level 1.2 Dodging
 + Level 0.7 Stealth
 + Level 0.1 Spellcasting


You had one spell level left.
You didn't know any spells.
Your spell library was empty.

Dungeon Overview and Level Annotations

Branches:
Dungeon (2/15)

Altars:


Innate Abilities, Weirdness & Mutations

You can wield a second weapon in your off-hand.
It takes a long time for you to wield or remove held weapons.
Your first few attacks do less damage.
You cannot equip rings or amulets.


Message History

The gnoll shouts!
There are monsters nearby!
The gnoll shouts!
A gnoll comes into view. It is wielding a +0 halberd.
The gnoll hits you with a +0 flail.
You take 5 damage, and have 19/24 hp.
MASSIVE DAMAGE!!
You completely miss the gnoll with your +0 dagger.
You closely miss the gnoll with your +0 hand axe of chaos.
The gnoll hits you from afar with a +0 halberd.
The gnoll closely misses you.
You take 1 damage, and have 18/24 hp.
You hit the gnoll but do no damage.
You closely miss the gnoll with your +0 dagger.
The gnoll closely misses you.
You hit the gnoll with your +0 dagger.
The gnoll is lightly wounded.
You hit the gnoll but do no damage. The gnoll hits you but does no damage.
The gnoll hits you with a +0 flail.
You take 6 damage, and have 12/24 hp.
MASSIVE DAMAGE!!
You are too injured to fight recklessly!
You are too injured to fight recklessly!
You are too injured to fight recklessly!
You are too injured to fight recklessly!
You are too injured to fight recklessly!
You are too injured to fight recklessly!
You are too injured to fight recklessly!
You are too injured to fight recklessly!
You are too injured to fight recklessly!
It was a potion of degeneration.
There was something very wrong with that liquid.
You feel weakened.
You feel dopey.
You feel clumsy.
Xom is mildly amused.
Xom thinks this is hilarious!
The gnoll barely misses you. The gnoll hits you with a +0 flail!
* * * LOW HITPOINT WARNING * * *
You take 8 damage, and have 4/24 hp.
MASSIVE DAMAGE!!
It was a potion of attraction.
You feel attractive to monsters. The gnoll hits you with a +0 flail!
You die...
Xom snickers!

######.<..#
..........#
..........#
..#####.#.###
. #.#...#
##.###.#
##... #.#
#..§§.#.#
..≈§§.g@#
#..≈§.#.#
##...##g#
##.# #g# #.
..# # ###


You could see 3 gnolls.

Vanquished Creatures
  3 bats (D:1)
  3 endoplasms
  3 giant cockroaches (D:1)
  4 goblins (D:1)
  A quokka (D:1)
  2 ball pythons (D:1)
  A kobold (D:1)
17 creatures vanquished.

Notes
Turn   | Place    | Note
-------+----------+-------------------------------------------
     0 | D:1      | ezpacito the Coglin Chaos Knight began the quest for the
                  | Orb.
     0 | D:1      | Reached XP level 1. HP: 18/18 MP: 1/1
   105 | D:1      | Reached skill level 1 in Dodging
   188 | D:1      | XOM: silly message
   261 | D:1      | XOM: divination: detect creatures
   304 | D:1      | Reached XP level 2. HP: 24/24 MP: 2/2
   411 | D:1      | XOM: cast spell 'Fugue of the Fallen'
   619 | D:2      | Slain by a gnoll

Illustrated notes

Levels and vault maps discovered:
D:1:      dpeg_arrival_three_same_balls, layout_basic, minmay_crystal_room
D:2:      layout_rooms, amcnicky_mini_pool_small, minmay_pentomino_v2

Skill      XL: |  1  2 |
---------------+-------+-----
Dodging        | 1 |  1.2
Armour         | 2 |  2.1
Fighting       | |  3.1
Axes           | |  3.1
Polearms       | |  0.4
Stealth        | |  0.7
Spellcasting   | |  0.1

Action                     || total
---------------------------++-------
  Melee: Hand axe          ||    31
         Dagger            ||    30
    Use: Potion            ||     2
 Armour: Leather armour    ||    24
  Dodge: Dodged            ||    20

Table legend: (Time is in decaauts)
 A = Elapsed time spent in this place.
 B = Non-inter-level travel time spent in this place.
 C = Inter-level travel time spent in this place.
 D = Time resting spent in this place.
 E = Time spent auto-exploring this place.
 F = Levels seen in this place.
 G = Mean time per level.
                   A        B        C        D        E       F      G
               +--------+--------+--------+--------+--------+-----+--------+
         Total |    621 |    584 |     37 |      0 |    447 |   2 |  310.5 |
       Dungeon |    621 |    584 |     37 |      0 |    447 |   2 |  310.5 |
               +--------+--------+--------+--------+--------+-----+--------+

Top non-repeatable levels by time:
     D:1: 604 daAuts
     D:2: 17 daAuts
